 Dungeon Crawl Stone Soup version 0.31-a0-236-g9a0961fb85 (webtiles) character file.

Game seed: 3301449344147868566

313 qw the Shooter (level 6, -3/37 HPs)
             Began as a Gargoyle Hexslinger on July 10, 2023.
             Slain by a lemure (4 damage)
             ... led by Pikel
             ... on level 4 of the Dungeon.
             The game lasted 00:01:14 (3211 turns).

qw the Shooter (Gargoyle Hexslinger)                Turns: 3211, Time: 00:01:15

Health: -3/37      AC:  8    Str: 11 (12) XL:     6   Next: 43%
Magic:  7/7        EV: 12    Int: 12 (13) God:
Gold:   56         SH:  0    Dex: 12 (14) Spells: 6/7 levels left

rFire   . . .        Y - +0 shortbow
rCold   + . .        (shield currently unavailable)
rNeg    + . .        l - +2 robe {Will+}
rPois   inf          (no helmet)
rElec   +            (no cloak)
rCorr   .            (no gloves)
SInv    .            (no boots)
Will    +....        g - amulet of the acrobat
Stlth   +            a - ring of protection from cold
HPRegen 0.26/turn    (no ring)
MPRegen 0.10/turn

%: acrobat
@: no status effects
A: sickness immunity, AC +4, negative energy resistance 1, electricity
resistance, torment resistance 1, petrification resistance
a: no special abilities


You were on level 4 of the Dungeon.
You visited 1 branch of the dungeon, and saw 5 of its levels.

You collected 184 gold pieces.
You spent 128 gold pieces at shops.


Innate Abilities, Weirdness & Mutations

You are immune to sickness and miasma.
Your stone body is resilient. (AC +4)
You are immune to poison.
You resist negative energy. (rN+)
You are resistant to electric shocks. (rElec)
You are resistant to unholy torment.
You are immune to petrification.


   Skills:
 - Level 3.0 Fighting
 + Level 5.4 Ranged Weapons
 - Level 2.6 Armour
 - Level 1.5 Dodging
 - Level 1.0 Spellcasting
 - Level 2.6 Hexes


You had 6 spell levels left.
You knew the following spells:

 Your Spells              Type           Power      Damage    Failure   Level
a - Slow                  Hex            28%        N/A       10%         1

Your spell library contained the following spells:

 Spells                   Type           Power      Damage    Failure   Level
 Inner Flame              Hex/Fire       3%         N/A       45%         3
 Portal Projectile        Hex/Tloc       6%         N/A       45%         3
 Cause Fear               Hex            3%         N/A       69%         4

Inventory:

Hand Weapons
 Y - a +0 shortbow (weapon)
Armour
 l - a +2 robe of willpower (worn)
Jewellery
 a - a ring of protection from cold (left hand)
 g - an amulet of the acrobat (around neck)
Potions
 d - a potion of brilliance {unknown}
 e - 2 potions of haste
 f - a potion of might {unknown}
 h - a potion of attraction {unknown}
 i - 2 potions of curing
 j - a potion of ambrosia {unknown}

Dungeon Overview and Level Annotations

Branches:
Dungeon (5/15)
 Temple: D:4-7

Altars:
Cheibriados
Gozag
Yredelemnul

Shops:
D:1 *[[   D:2 [   D:4 [

Annotations:
D:4 Pikel


Message History

The lemure hits you but does no damage.
Pikel hits you with a +2 whip of flaming.
Pikel burns you.
You shoot an arrow.
The arrow hits the lemure but does no damage.
The lemure is lightly wounded.
The lemure hits you. The lemure closely misses you.
The lemure hits you but does no damage.
Pikel hits you with a +2 whip of flaming.
Pikel burns you.
You shoot an arrow. The arrow closely misses the lemure.
The lemure barely misses you. The lemure closely misses you.
The lemure barely misses you.
Pikel hits you with a +2 whip of flaming.
Pikel burns you.
3207 ||| DRINKING potion of heal wounds.
You feel much better. The lemure hits you. The lemure barely misses you.
The lemure closely misses you. Pikel hits you but does no damage.
You shoot an arrow.
The arrow hits Pikel but does no damage.
The lemure barely misses you.
The lemure hits you but does no damage. x2
Pikel hits you with a +2 whip of flaming.
Pikel burns you.
You shoot an arrow. The arrow hits Pikel.
Pikel is lightly wounded.
The lemure hits you but does no damage. x2; The lemure misses you.
Pikel barely misses you.
You shoot an arrow.
The arrow hits Pikel but does no damage.
Pikel is lightly wounded.
The lemure closely misses you. The lemure hits you but does no damage.
The lemure hits you. Pikel completely misses you.
You shoot an arrow. The arrow barely misses Pikel.
You feel your willpower return.
The lemure closely misses you. x2; Pikel barely misses you.
The lemure closely misses you. The lemure hits you.
Pikel hits you with a +2 whip of flaming!
Pikel burns you. The lemure misses you. The lemure hits you.
You die...

######## ##
######### #.......
.# #.......#
#.###### .####
#.#####.# #.######
.##.###.# #.####
###.......
.#...##.#####..55#
#.......##
...%...........K@#
##########.##
.#...##.#####..5.#
#.....#......
.##.###.# #.#.##
#.~~~.##...##
.##.# #.#####.#.#
#...~.'....##
###.#
#..<.<..#.###
#._.~.'......
##+#########.....#
#...~.'......
##...## #.#.#.#
#.~~~.#......
#.....## #.#.#.#
#.....##...##
.......## ##.#.#.#
#######....##


You could see Pikel and 3 lemures.

Vanquished Creatures
  A scorpion (D:4)
  A howler monkey (D:4)
  An iguana (D:4)
  Natasha (thrice) (D:3)
  6 adders
  2 dart slugs
  3 ball pythons
  8 endoplasms
  5 giant cockroaches
  7 goblins
  7 hobgoblins
  2 jackals (D:4)
  4 kobolds
  A quokka (D:1)
  5 bats
  4 frilled lizards (D:1)
  4 rats
64 creatures vanquished.

Notes
Turn   | Place    | Note
-------+----------+-------------------------------------------
     0 | D:1      | qw the Gargoyle Hexslinger began the quest for the Orb.
     0 | D:1      | Reached XP level 1. HP: 12/12 MP: 2/2
     0 | D:1      | 0 ||| qw: Version: 0.3-a-51-g015441d
     0 | D:1      | 0 ||| qw: Game counter: 4486
     0 | D:1      | 0 ||| qw: Melee chars always use a shield: true
     0 | D:1      | 0 ||| qw: God list: Okawaru
     0 | D:1      | 0 ||| qw: Allow faded altars: false
     0 | D:1      | 0 ||| qw: Do Orc after clearing Dungeon:15 true
     0 | D:1      | 0 ||| qw: Do second Lair branch before Depths: true
     0 | D:1      | 0 ||| qw: Lair rune preference: random
     0 | D:1      | 0 ||| qw: Goals: Normal
     0 | D:1      | 0 ||| PLANNING D:1-11
    31 | D:1      | Found Tesk's Antique Armour Emporium.
    48 | D:1      | 48 ||| SHOPLISTING glowing robe (92 gold, have 19).
    48 | D:1      | 48 ||| SHOPLISTING leather armour (50 gold, have 19).
    48 | D:1      | 48 ||| SHOPLISTING pair of glowing boots (187 gold, have
                  | 19).
    48 | D:1      | 48 ||| SHOPLISTING ring mail (100 gold, have 19).
    48 | D:1      | 48 ||| SHOPLISTING runed leather armour (125 gold, have
                  | 19).
    48 | D:1      | 48 ||| SHOPLISTING shiny ring mail (175 gold, have 19).
    77 | D:1      | Found Xaki's Antique Armour Shoppe.
    85 | D:1      | 85 ||| SHOPLISTING leather armour (44 gold, have 22).
    85 | D:1      | 85 ||| SHOPLISTING pair of gloves (99 gold, have 22).
    85 | D:1      | 85 ||| SHOPLISTING ring mail (88 gold, have 22).
   104 | D:1      | Reached XP level 2. HP: 16/16 MP: 3/3
   147 | D:1      | Found Vutis's Assorted Antiques.
   152 | D:1      | 152 ||| BUYING glowing amethyst potion (20 gold).
   152 | D:1      | Bought a glowing amethyst potion for 20 gold pieces
   152 | D:1      | 152 ||| BUYING green potion (20 gold).
   152 | D:1      | Bought a green potion for 20 gold pieces
   152 | D:1      | 152 ||| SHOPLISTING metallic cyan potion (20 gold, have 0).
   152 | D:1      | 152 ||| SHOPLISTING opal ring (115 gold, have 0).
   152 | D:1      | 152 ||| SHOPLISTING puce potion (20 gold, have 0).
   152 | D:1      | 152 ||| SHOPLISTING ring mail (92 gold, have 0).
   152 | D:1      | 152 ||| SHOPLISTING scroll labelled LOROIF IQUBIS (23 gold,
                  | have 0).
   152 | D:1      | 152 ||| SHOPLISTING sedimented green potion (20 gold, have
                  | 0).
   285 | D:1      | Reached skill level 3 in Ranged Weapons
   319 | D:1      | 319 ||| FLEEEEING.
   698 | D:1      | Reached XP level 3. HP: 21/21 MP: 4/4
   802 | D:1      | 802 ||| UPGRADING to +0 leather armour.
   812 | D:1      | 812 ||| DROPPING +0 robe.
   813 | D:1      | 813 ||| UPGRADING to amulet of the acrobat.
   818 | D:1      | 818 ||| READING scroll labelled EMAAMNO MUEXYEKH.
   819 | D:1      | 819 ||| READING scroll labelled QETSEJUO REMAO.
   820 | D:1      | 820 ||| DROPPING scroll of poison.
  1083 | D:2      | Found Puitoaz's Armour Shoppe.
  1090 | D:2      | 1090 ||| SHOPLISTING +0 pair of gloves (54 gold, have 33).
  1090 | D:2      | 1090 ||| SHOPLISTING +0 ring mail (48 gold, have 33).
  1090 | D:2      | 1090 ||| SHOPLISTING +1 steam dragon scales (564 gold, have
                  | 33).
  1258 | D:2      | Found a faded altar of an unknown god.
  1593 | D:2      | Reached XP level 4. HP: 24/26 MP: 5/5
  1645 | D:2      | 1645 ||| UPGRADING to ring of protection from cold.
  1646 | D:2      | 1646 ||| DROPPING ring of flight.
  1647 | D:2      | 1647 ||| READING scroll labelled FIFABB ZUFU.
  1648 | D:2      | 1648 ||| READING scroll labelled QAMYON WOHA.
  1649 | D:2      | 1649 ||| READING scroll labelled HEBOJU OHUON.
  1650 | D:2      | 1650 ||| DRINKING 2 bubbling coppery potions.
  1707 | D:3      | Reached skill level 4 in Ranged Weapons
  1745 | D:3      | Found an opulent altar of Gozag.
  1748 | D:3      | Found a snail-covered altar of Cheibriados.
  1772 | D:3      | Noticed Natasha
  1777 | D:3      | Killed Natasha
  1876 | D:3      | Noticed Natasha
  1886 | D:3      | HP: 5/26 [Natasha/puff of flame (7)]
  1887 | D:3      | HP: 2/26 [Natasha (4)]
  1892 | D:3      | Killed Natasha
  1893 | D:3      | Reached XP level 5. HP: 4/30 MP: 6/6
  1992 | D:3      | Noticed Natasha
  1998 | D:3      | 1998 ||| Stepping ~*~*~tactically~*~*~ (outnumbered).
  2002 | D:3      | Killed Natasha
  2003 | D:3      | Reached skill level 5 in Ranged Weapons
  2273 | D:3      | 2273 ||| SWAPPING to +0 shortbow.
  2274 | D:3      | 2274 ||| DROPPING +2 sling.
  2275 | D:3      | 2275 ||| UPGRADING to +0 ring mail.
  2285 | D:3      | 2285 ||| DROPPING +0 leather armour.
  2286 | D:3      | 2286 ||| READING scroll labelled SOWEKLE DEVUT.
  2395 | D:4      | Found a basalt altar of Yredelemnul.
  2486 | D:4      | Reached XP level 6. HP: 23/35 MP: 7/7
  2725 | D:4      | Reached skill level 3 in Fighting
  2768 | D:4      | Found Ketripn's Antique Armour Emporium.
  2776 | D:4      | 2776 ||| SHOPLISTING embroidered hat (168 gold, have 144).
  2776 | D:4      | 2776 ||| BUYING embroidered robe (88 gold).
  2776 | D:4      | Bought an embroidered robe for 88 gold pieces
  2776 | D:4      | 2776 ||| SHOPLISTING ichor-stained ring mail (216 gold,
                  | have 56).
  2776 | D:4      | 2776 ||| SHOPLISTING smelly ring mail (216 gold, have 56).
  3158 | D:4      | 3158 ||| UPGRADING to +2 robe of willpower.
  3168 | D:4      | 3168 ||| DROPPING +0 ring mail.
  3169 | D:4      | 3169 ||| READING scroll labelled JALAOD ABREUF.
  3170 | D:4      | 3170 ||| READING scroll labelled VOUMPO XUJETI.
  3171 | D:4      | 3171 ||| DRINKING 2 fuming black potions.
  3172 | D:4      | 3172 ||| DROPPING potion of degeneration.
  3200 | D:5      | Entered Level 5 of the Dungeon
  3200 | D:5      | Noticed Pikel
  3202 | D:5      | 3202 ||| STAIRDANCE
  3206 | D:4      | HP: 9/37 [Pikel/+2 whip of flaming (3)]
  3207 | D:4      | 3207 ||| DRINKING potion of heal wounds.
  3211 | D:4      | HP: 4/37 [Pikel/+2 whip of flaming (8)]
  3211 | D:4      | HP: 1/37 [Pikel/+2 whip of flaming (3)]
  3211 | D:4      | Slain by a lemure

Levels and vault maps discovered:
D:1:      nicolae_arrival_washed_ashore, layout_basic, serial_shops,
          nicolae_square_shop, shop, nicolae_shop_rolling_square,
          minmay_bisected
D:2:      layout_basic, serial_shops, shop, chequers_ecumenical_altar_lobes
D:3:      layout_rooms, chequers_temple_overflow_statue_of_worship, uniq_natasha
D:4:      layout_loops_corners, mainiacjoe_overflow_alcove_4, serial_shops,
          shop_statue
D:5:      layout_rooms, temple_statues, uniq_pikel, uniq_edmund

Skill      XL: |  1  2  3  4  5  6 |
---------------+-------------------+-----
Ranged Weapons | 3 4 5 |  5.4
Fighting       | 2 3 |  3.0
Armour         | 2 |  2.6
Dodging        | |  1.5
Spellcasting   | |  1.0
Hexes          | |  2.6

Action                     |  1- 3 |  4- 6 || total
---------------------------+-------+-------++-------
   Fire: Sling             |   103 |    71 ||   174
         Shortbow          |       |    95 ||    95
    Use: Scroll            |     2 |     6 ||     8
         Potion            |       |     3 ||     3
 Armour: Robe              |    10 |    10 ||    20
         Leather armour    |     3 |    19 ||    22
         Ring mail         |       |    28 ||    28
  Dodge: Dodged            |    28 |    81 ||   109

Table legend:
 A = Non-vault XP
 B = Vault XP
 C = Vault XP percentage of total XP
 D = Non-vault monster count
 E = Vault monster count
 F = Vault count percentage of total count
                 A         B        C        D         E       F
            +---------+---------+-------+---------+---------+-------
      Total |     409 |      39 |   8.7 |      60 |       4 |   6.2
            +---------+---------+-------+---------+---------+-------
        D:1 |      29 |       6 |  17.1 |      18 |       3 |  14.3
        D:2 |      58 |       0 |   0.0 |      13 |       0 |   0.0
        D:3 |     104 |      33 |  24.1 |      10 |       1 |   9.1
        D:4 |     218 |       0 |   0.0 |      19 |       0 |   0.0
            +---------+---------+-------+---------+---------+-------
